[Event "fics rated crazyhouse match"]
[Site "fics, Oklahoma City, OK USA"]
[Date "2000.02.11"]
[White "pminear"]
[WhiteElo "2459"]
[Black "jtp"]
[BlackElo "2329"]
[TimeControl "180+0"]
[Result "1-0"]

1. e4 Nf6 2. e5 Ne4 3. Nc3 Nxf2 4. Kxf2 Nc6 5. d4 d6 6. exd6 
cxd6 7. d5 Ne5 8. Nf3 Ng4+ 9. Ke2 e6 10. P@h3 Nf6 11. dxe6 Bxe6 
12. Be3 P@g4 13. Nd4 Be7 14. Ke1 gxh3 15. gxh3 P@e4 16. P@f5 Bc8 17. P@e6 
O-O 18. exf7+ Rxf7 19. P@g6 Rf8 20. gxh7+ Nxh7 21. Nxe4 Bh4+ 22. P@g3 P@e5 
23. gxh4 exd4 24. B@c4+ d5 25. Bxd5+ P@e6 26. P@g6 exd5 27. gxh7+ Kf7 28. Ng5+ 
Ke7 29. N@g6+ Kd7 30. Qxd4 B@a5+ 31. P@c3 P@c6 32. Nxf8+ Qxf8 33. P@e6+ Kc7 
34. Bf4+ P@d6 35. R@f7+ Qxf7 36. Nxf7 N@f3+ 37. Kf2 Bxe6 38. Bxd6+ Kc8 39. fxe6 
R@e8 40. Q@d7# 
{jtp checkmated} 1-0

[Event "fics rated crazyhouse match"]
[Site "fics, Oklahoma City, OK USA"]
[Date "2001.02.11"]
[White "Perplexity"]
[WhiteElo "2376"]
[Black "liveZ"]
[BlackElo "2338"]
[TimeControl "60+0"]
[Result "0-1"]

1. e4 e6 2. d4 Nc6 3. Be3 d5 4. e5 Nge7 5. Nh3 Nf5 6. Be2 
Be7 7. Qd2 O-O 8. O-O f6 9. exf6 Bxf6 10. P@e5 Be7 11. Na3 Bd7 
12. f4 Bxa3 13. bxa3 N@e4 14. Qc1 P@b2 15. Qxb2 Nxe3 16. P@f2 Nf5 17. Rfd1 
B@c3 18. Qxb7 Ncxd4 19. Bd3 Bc6 20. Qxc6 Nxc6 21. Bxe4 dxe4 22. Rxd8 Raxd8 
23. Q@b3 Bxa1 24. Qxe6+ B@f7 25. N@f6+ Kh8 26. Qd7 R@e1+ 27. B@f1 Rxd7 28. Nxd7 
Rxf1+ 29. Kxf1 Q@d1+ 30. R@e1 Q@e2+ 31. Kg1 R@f1+ 32. Rxf1 Qdxf1# 
{Perplexity checkmated} 0-1

[Event "fics rated crazyhouse match"]
[Site "fics, Oklahoma City, OK USA"]
[Date "2001.02.11"]
[White "liveZ"]
[WhiteElo "2347"]
[Black "Perplexity"]
[BlackElo "2367"]
[TimeControl "60+0"]
[Result "1-0"]

1. e4 e6 2. d4 d5 3. e5 Nc6 4. Nf3 f6 5. Bb5 Ne7 6. exf6 
gxf6 7. P@e5 P@g7 8. Nc3 Bd7 9. O-O fxe5 10. dxe5 P@f7 11. Bg5 h6 
12. Bh4 Qc8 13. Bxc6 Nxc6 14. P@f6 g5 15. Nxg5 hxg5 16. Bxg5 Rg8 17. P@g7 
Rxg7 18. fxg7 Bxg7 19. R@g8+ B@f8 20. P@f6 Bxf6 21. exf6 P@g7 22. fxg7 N@h3+ 
23. gxh3 Ne7 24. gxf8=Q# 
{Perplexity checkmated} 1-0

[Event "fics rated crazyhouse match"]
[Site "fics, Oklahoma City, OK USA"]
[Date "2001.02.11"]
[White "Perplexity"]
[WhiteElo "2359"]
[Black "liveZ"]
[BlackElo "2355"]
[TimeControl "60+0"]
[Result "1-0"]

1. e4 e6 2. d4 Nc6 3. Be3 Nf6 4. Bd3 d5 5. e5 Ne4 6. Nf3 
Be7 7. Nbd2 Nxd2 8. Bxd2 N@e4 9. Be3 O-O 10. Nd2 f5 11. exf6 Nxf6 
12. P@e5 Ne8 13. Bxh7+ Kxh7 14. Qh5+ P@h6 15. N@f7 Qd7 16. P@g6+ Kg8 17. Bxh6 
gxh6 18. P@h7+ Kg7 19. Qxh6# 
{liveZ checkmated} 1-0

[Event "fics rated crazyhouse match"]
[Site "fics, Oklahoma City, OK USA"]
[Date "2001.02.11"]
[White "liveZ"]
[WhiteElo "2347"]
[Black "Perplexity"]
[BlackElo "2367"]
[TimeControl "60+0"]
[Result "0-1"]

1. e4 Nf6 2. e5 Nd5 3. Nc3 e6 4. Nf3 d6 5. Nxd5 exd5 6. d4 
dxe5 7. Nxe5 P@f6 8. Bb5+ c6 9. Nf3 cxb5 10. O-O N@e4 11. Bf4 Na6 
12. Re1 Bb4 13. c3 Be7 14. P@d3 Nd6 15. Bxd6 Qxd6 16. N@h5 Rg8 17. Nh4 
B@g4 18. N@f5 Bgxf5 19. Nxf5 Bxf5 20. B@c5 Nxc5 21. dxc5 Qxc5 22. d4 Qc7 
23. Qe2 N@d3 24. Qxe7+ Qxe7 25. Rxe7+ Kxe7 26. B@c5+ Nxc5 27. dxc5 N@e2+ 28. Kh1 
P@c7 29. Re1 R@e5 30. Nf4 Nxf4 31. Rxe5+ fxe5 32. R@e1 Nd3 33. Rxe5+ Nxe5 
34. P@d6+ cxd6 35. cxd6+ Kxd6 36. P@c5+ Kxc5 37. b4+ Kd6 38. Q@c5+ Kd7 39. Qxd5+ 
B@d6 40. N@c5+ Ke8 41. P@d7+ Nxd7 42. Qxd6 R@f1+ 43. N@g1 Q@a1 
{liveZ forfeits on time} 0-1

[Event "fics rated crazyhouse match"]
[Site "fics, Oklahoma City, OK USA"]
[Date "2001.02.11"]
[White "Perplexity"]
[WhiteElo "2375"]
[Black "liveZ"]
[BlackElo "2339"]
[TimeControl "60+0"]
[Result "1-0"]

1. e4 e6 2. d4 d5 3. exd5 exd5 4. Bb5+ Bd7 5. Qe2+ Be7 6. Bxd7+ 
Qxd7 7. P@c3 Nf6 8. Nd2 Nc6 9. Ngf3 B@h5 10. Qb5 Rb8 11. Qe2 P@e4 
12. B@h3 Qd8 13. Bf5 exf3 14. Nxf3 O-O 15. P@e5 Ne4 16. Bxe4 dxe4 17. Qxe4 
B@d5 18. Qd3 Bhxf3 19. gxf3 N@g2+ 20. Kd1 Nh4 21. P@e4 Nxe5 22. dxe5 Bxe4 
23. fxe4 Qxd3+ 24. cxd3 P@e2+ 25. Kc2 P@g2 26. Rg1 Q@d1+ 27. Rxd1 exd1=Q+ 28. Kxd1 
g1=Q+ 29. B@e1 Qxe1+ 30. Kxe1 N@f3+ 31. Kd1 B@a4+ 32. P@b3 R@e1+ 33. Kc2 Re2+ 
34. P@d2 Nxd2 35. Bxd2 Nf3 36. N@h6+ gxh6 37. N@b1 N@e1+ 38. Kd1 Rxf2 39. Q@g3+ 
P@g7 40. Qxf2 P@c2+ 41. Ke2 cxb1=Q 42. Rxb1 N@g1+ 43. Kf1 Bxb3 44. Rxe1 P@e2+ 
45. Rxe2 Nxe2 46. axb3 Nxh2+ 47. Qxh2 R@g1+ 48. Kxe2 P@f3+ 49. Kxf3 Rg2 50. Qxg2 
Kh8 51. N@f5 
{liveZ forfeits on time} 1-0

[Event "fics rated crazyhouse match"]
[Site "fics, Oklahoma City, OK USA"]
[Date "2001.02.11"]
[White "Perplexity"]
[WhiteElo "2392"]
[Black "JiggaB"]
[BlackElo "2218"]
[TimeControl "60+0"]
[Result "1-0"]

1. e4 d5 2. exd5 e6 3. Bb5+ c6 4. dxc6 bxc6 5. Be2 P@b7 6. d4 
Nf6 7. P@e5 Nd5 8. P@e4 Nb6 9. Nf3 Bd7 10. Bg5 Be7 11. Bxe7 Qxe7 
12. Nc3 B@b4 13. a3 Bxc3+ 14. bxc3 N@b2 15. Qc1 N2a4 16. B@b4 Qd8 17. Ng5 
Qc7 18. Nxf7 Kxf7 19. Qf4+ Ke8 20. P@f7+ Kd8 21. Bd6 Qc8 22. B@e7# 
{JiggaB checkmated} 1-0

[Event "fics rated crazyhouse match"]
[Site "fics, Oklahoma City, OK USA"]
[Date "2001.02.11"]
[White "JiggaB"]
[WhiteElo "2214"]
[Black "Perplexity"]
[BlackElo "2396"]
[TimeControl "60+0"]
[Result "0-1"]

1. d4 e6 2. Nf3 Nc6 3. Nc3 Nf6 4. Bg5 h6 5. Bh4 d6 6. e4 
g5 7. Nxg5 hxg5 8. Bxg5 Rg8 9. P@h4 Be7 10. e5 dxe5 11. dxe5 Nxe5 
12. Bxf6 P@d2+ 13. Qxd2 N@f3+ 14. gxf3 Nxf3+ 15. Ke2 Qxd2+ 16. Kxf3 Q@f4# 
{JiggaB checkmated} 0-1

[Event "fics rated crazyhouse match"]
[Site "fics, Oklahoma City, OK USA"]
[Date "2001.02.11"]
[White "Perplexity"]
[WhiteElo "2401"]
[Black "liveZ"]
[BlackElo "2332"]
[TimeControl "60+0"]
[Result "1-0"]

1. e4 e6 2. d4 Nc6 3. Be3 d5 4. e5 Nge7 5. Nh3 Nf5 6. Be2 
Bb4+ 7. c3 Be7 8. Bf4 O-O 9. Na3 f6 10. exf6 Bxf6 11. Nb5 e5 
12. dxe5 Bxe5 13. Bxe5 Nxe5 14. P@g3 P@e3 15. f4 Nc6 16. O-O B@e4 17. P@d3 
Bxg2 18. Kxg2 a6 19. Na3 P@e4 20. dxe4 dxe4 21. B@d5+ P@e6 22. Bxe4 Qxd1 
23. Rfxd1 P@d5 24. Bxf5 exf5 25. Kg1 B@e4 26. P@f3 Bxf3 27. Bxf3 P@g4 28. Bxd5+ 
Kh8 29. Q@g8+ Rxg8 30. N@f7# 
{liveZ checkmated} 1-0

[Event "fics rated crazyhouse match"]
[Site "fics, Oklahoma City, OK USA"]
[Date "2001.02.11"]
[White "liveZ"]
[WhiteElo "2326"]
[Black "Perplexity"]
[BlackElo "2407"]
[TimeControl "60+0"]
[Result "1-0"]

1. e4 Nf6 2. e5 Nd5 3. Nf3 Nc6 4. d4 d6 5. Bb5 Bf5 6. O-O 
e6 7. Nc3 Nb4 8. Ba4 Be7 9. a3 Nd5 10. Nxd5 exd5 11. exd6 Qxd6 
12. Ne5 O-O 13. Bxc6 bxc6 14. P@h6 gxh6 15. Bxh6 Qxh6 16. N@g4 Bxg4 17. Nxg4 
Qe6 18. P@f5 Qc8 19. f6 Bxf6 20. Nxf6+ Kh8 21. B@g7+ Kxg7 22. N@h5+ Kg6 
23. B@d7 Qa6 24. Qd3+ Qxd3 25. cxd3 N@e2+ 26. Kh1 N@g7 27. h4 P@g5 28. hxg5 
Q@h4+ 29. P@h3 Qxg5 30. Nxg7 Kxf6 31. N@h5+ Ke7 32. Q@f6+ Qxf6 33. Nxf6 Nxd4 
34. Nf5+ Nxf5 35. Bxf5 Kxf6 36. N@h5+ Kxf5 37. Q@f6# 
{Perplexity checkmated} 1-0

[Event "fics rated crazyhouse match"]
[Site "fics, Oklahoma City, OK USA"]
[Date "2001.02.11"]
[White "Perplexity"]
[WhiteElo "2398"]
[Black "ACC"]
[BlackElo "2195"]
[TimeControl "120+0"]
[Result "1-0"]

1. e4 e6 2. d4 d5 3. exd5 exd5 4. Bb5+ Bd7 5. Qe2+ P@e6 6. Bxd7+ 
Nxd7 7. Nc3 Ngf6 8. P@e5 B@h5 9. Qb5 Ne4 10. Nxe4 dxe4 11. Qxb7 Rb8 
12. Qxe4 Be7 13. N@c6 O-O 14. Nxd8 Rbxd8 15. Qb7 N@b4 16. B@a4 Nb6 17. Qxa7 
Nxa4 18. Qxa4 B@c6 19. Qb3 Bxg2 20. P@f6 gxf6 21. P@g7 N@g6 22. N@h6+ Kxg7 
23. Nf5+ exf5 24. P@h6+ Kg8 25. Q@g7# 
{ACC checkmated} 1-0

[Event "fics rated crazyhouse match"]
[Site "fics, Oklahoma City, OK USA"]
[Date "2001.02.11"]
[White "ACC"]
[WhiteElo "2191"]
[Black "Perplexity"]
[BlackElo "2402"]
[TimeControl "120+0"]
[Result "1-0"]

1. Nf3 d6 2. d4 Nf6 3. Nc3 Bf5 4. Bg5 Nbd7 5. e3 h6 6. Bxf6 
Nxf6 7. Bb5+ c6 8. Bd3 Bd7 9. O-O e6 10. e4 Nh5 11. e5 Nf4 
12. exd6 Bxd6 13. P@e5 Nxd3 14. exd6 Nxb2 15. N@c7+ Qxc7 16. dxc7 Nxd1 17. Raxd1 
B@d6 18. B@e5 B@b4 19. Bxg7 Bxc3 20. Bxh8 N@e2+ 21. Kh1 Bxc7 22. R@g8+ N@f8 
23. P@g7 Bb4 24. gxf8=Q+ Bxf8 25. Rxf8+ Kxf8 26. B@g7+ Ke7 27. Bf6+ Kf8 28. Q@g7+ 
Ke8 29. Qg8+ R@f8 30. N@g7# 
{Perplexity checkmated} 1-0

[Event "fics rated crazyhouse match"]
[Site "fics, Oklahoma City, OK USA"]
[Date "2001.02.11"]
[White "Perplexity"]
[WhiteElo "2390"]
[Black "ACC"]
[BlackElo "2203"]
[TimeControl "120+0"]
[Result "1-0"]

1. e4 e6 2. d4 d5 3. exd5 exd5 4. Bb5+ P@c6 5. Bd3 Be7 6. Nc3 
Nf6 7. P@e5 Nfd7 8. Nge2 O-O 9. Ng3 Nb6 10. Nf5 Bxf5 11. Bxf5 c5 
12. dxc5 Bxc5 13. P@a5 N@h4 14. axb6 Nxg2+ 15. Kf1 Nh4 16. Bh3 axb6 17. Nxd5 
P@e2+ 18. Kxe2 P@f3+ 19. Ke1 P@c6 20. B@g5 cxd5 21. Bxd8 N@g2+ 22. Bxg2 Nxg2+ 
23. Kf1 B@e2+ 24. Qxe2 fxe2+ 25. Kxe2 Rxd8 26. Q@g5 Nc6 27. N@h6+ Kf8 28. Nxf7 
Nd4+ 29. Kf1 B@e2+ 30. Kxg2 Bf3+ 31. Kh3 Q@g2+ 32. Qxg2 Bxg2+ 33. Kxg2 Q@f3+ 
34. Kf1 Qxh1+ 35. B@g1 R@d1+ 36. B@e1 Rxe1+ 37. Kxe1 Qxg1+ 38. R@f1 Nxc2+ 39. Ke2 
B@h5+ 40. Kd2 Qxf1 41. N@e6+ Ke7 42. Q@g5+ Kxe6 43. Nxd8+ Kd7 44. e6+ Ke8 
45. R@g8+ B@f8 46. P@d7# 
{ACC checkmated} 1-0

[Event "fics rated crazyhouse match"]
[Site "fics, Oklahoma City, OK USA"]
[Date "2001.02.11"]
[White "ACC"]
[WhiteElo "2199"]
[Black "Perplexity"]
[BlackElo "2394"]
[TimeControl "120+0"]
[Result "1-0"]

1. Nf3 d6 2. d4 Bf5 3. Nc3 Nf6 4. Bg5 Nc6 5. e3 h6 6. Bxf6 
exf6 7. Bb5 a6 8. Ba4 b5 9. Nxb5 axb5 10. Bxb5 N@b4 11. P@d3 Qb8 
12. Bxc6+ Nxc6 13. O-O Qxb2 14. d5 Ne5 15. Nxe5 dxe5 16. e4 N@c3 17. Qd2 
Nxe4 18. dxe4 Bxe4 19. P@c6 B@c4 20. N@e3 Bxf1 21. Rxf1 Bb4 22. B@d7+ Kf8 
23. N@c4 Bxd2 24. Nxb2 Rb8 25. N@c8 Rxc8 26. Bxc8 N@e2+ 27. Kh1 R@d8 28. N@d7+ 
Ke8 29. Nxf6+ gxf6 30. Bd7+ Kf8 31. R@e8+ Rxe8 32. Bxe8 Bxe3 33. P@e7+ Kg7 
34. R@g4+ N@g5 35. Rxg5+ Bxg5 36. N@h5+ Kg6 37. Bxf7+ Kxf7 38. Q@g7+ Ke8 39. P@d7# 
{Perplexity checkmated} 1-0

[Event "fics rated crazyhouse match"]
[Site "fics, Oklahoma City, OK USA"]
[Date "2001.02.11"]
[White "ACC"]
[WhiteElo "2211"]
[Black "Perplexity"]
[BlackElo "2382"]
[TimeControl "120+0"]
[Result "1-0"]

1. Nf3 d6 2. d4 Nf6 3. Nc3 Bf5 4. Bg5 Nc6 5. Bxf6 exf6 6. e4 
Bd7 7. Bb5 a6 8. Bxc6 Bxc6 9. O-O Rb8 10. Re1 Rg8 11. e5 fxe5 
12. dxe5 P@e6 13. exd6 Bxd6 14. P@d5 Bd7 15. dxe6 fxe6 16. P@d5 P@f7 17. dxe6 
fxe6 18. P@f5 P@f7 19. P@d5 B@g4 20. dxe6 fxe6 21. fxe6 Bdxe6 22. P@d5 P@f7 
23. dxe6 Bxe6 24. P@d5 P@d7 25. dxe6 dxe6 26. B@a4+ P@b5 27. Nxb5 axb5 28. Bxb5+ 
P@c6 29. P@f5 cxb5 30. fxe6 fxe6 31. P@f7+ Kxf7 32. N@g5+ Ke8 33. Nxe6 Qe7 
34. Nxg7+ Rxg7 35. Rxe7+ Rxe7 36. N@f6+ Kf7 37. P@e5 Rxe5 38. Nxe5+ Bxe5 39. R@g7+ 
Kxg7 40. Nh5+ Kh8 41. P@f6 P@g7 42. fxg7+ Bxg7 43. P@f6 Bxf6 44. Nxf6 R@f5 
45. B@c3 P@g7 46. P@h6 R@e7 47. hxg7+ Rxg7 48. Ng4 Rg5 49. Bxg7+ Rxg7 50. B@f6 
B@f8 51. P@h6 N@f5 52. hxg7+ Nxg7 53. R@g5 B@c6 54. Bxg7+ Bxg7 55. N@f7+ Kg8 
56. Nfh6+ Kh8 57. R@g8+ Rxg8 58. Nf7# 
{Perplexity checkmated} 1-0

[Event "fics rated crazyhouse match"]
[Site "fics, Oklahoma City, OK USA"]
[Date "2001.02.11"]
[White "ACC"]
[WhiteElo "2223"]
[Black "Perplexity"]
[BlackElo "2370"]
[TimeControl "120+0"]
[Result "1-0"]

1. Nf3 d6 2. d4 Nf6 3. Nc3 Bf5 4. Bg5 Nbd7 5. e3 h6 6. Bxf6 
Nxf6 7. Bb5+ c6 8. Bd3 Bxd3 9. cxd3 e6 10. e4 Ng4 11. O-O Be7 
12. e5 dxe5 13. dxe5 P@e3 14. P@d6 exf2+ 15. Kh1 Bxd6 16. exd6 Qxd6 17. Ne4 
Qb8 18. B@d6 P@c7 19. Bxc7 Qxc7 20. B@d6 Qb6 21. N@c7+ Kd7 22. Nxa8 Qd8 
23. R@e7+ Qxe7 24. Bxe7 B@f4 25. P@d6 Bxd6 26. Bxd6 B@d8 27. Ne5+ Nxe5 28. Bxe5 
Ba5 29. Q@d6+ Ke8 30. B@d7+ Kd8 31. Bxc6+ Kc8 32. N@e7# 
{Perplexity checkmated} 1-0

[Event "fics rated crazyhouse match"]
[Site "fics, Oklahoma City, OK USA"]
[Date "2000.02.12"]
[White "pminear"]
[WhiteElo "2469"]
[Black "jtp"]
[BlackElo "2319"]
[TimeControl "180+0"]
[Result "1-0"]

1. e4 Nf6 2. e5 Ne4 3. Nc3 Nxf2 4. Kxf2 Nc6 5. d4 d6 6. exd6 
cxd6 7. d5 Ne5 8. Nf3 Ng4+ 9. Ke2 e6 10. P@h3 Nf6 11. dxe6 Bxe6 
12. Be3 P@e5 13. Ke1 P@d4 14. Nxd4 exd4 15. Bxd4 N@f5 16. Bxf6 gxf6 17. P@f2 
B@d4 18. Bb5+ P@c6 19. Bd3 Bxf2+ 20. Kxf2 Qb6+ 21. P@e3 Qxe3+ 22. Kf1 P@g3 
23. N@g4 gxh2 24. Nxe3 Nxe3+ 25. Ke2 Nxd1 26. Nxd1 N@d4+ 27. Kd2 Bh6+ 28. P@e3 
Q@b6 29. B@c3 Rg8 30. N@e4 Rxg2+ 31. Kc1 P@e2 32. Nxf6+ Ke7 33. N@g8+ Raxg8 
34. Nxg8+ Rxg8 35. P@f6+ Kxf6 36. Bxd4+ Qxd4 37. N@e4+ Ke7 38. Bxe2 Bxe3+ 39. Nxe3 
Qxe3+ 40. P@d2 Qxe4 41. B@f6+ Kxf6 42. Rf1+ B@f4 43. Q@c3+ B@e5 44. R@f3 Bxc3 
45. Rxf4+ Qxf4 46. Rxf4+ P@f5 47. B@h4+ P@g5 48. Q@h6+ R@g6 49. Bxg5+ Ke5 50. d4+ 
Bxd4 51. Rxd4 Q@e1+ 52. B@d1 
{jtp forfeits on time} 1-0

[Event "fics rated crazyhouse match"]
[Site "fics, Oklahoma City, OK USA"]
[Date "2000.02.12"]
[White "jtp"]
[WhiteElo "2314"]
[Black "pminear"]
[BlackElo "2474"]
[TimeControl "180+0"]
[Result "0-1"]

1. e4 e5 2. Nf3 Nc6 3. Bc4 Bc5 4. c3 Nf6 5. d4 exd4 6. cxd4 
Bxd4 7. O-O P@e5 8. Bxf7+ Kxf7 9. P@d5 Nb8 10. P@c3 B@h5 11. cxd4 exd4 
12. Ne5+ Kf8 13. Qxd4 P@e2 14. Re1 d6 15. P@h6 dxe5 16. hxg7+ Kxg7 17. Qxe5 
h6 18. B@e7 Nd7 19. Bxd8 Nxe5 20. Bxf6+ Kxf6 21. P@g5+ hxg5 22. Bxg5+ Kxg5 
23. f4+ Kxf4 24. Q@f6+ B@f5 25. g3+ Kxe4 26. Nc3+ Kd4 27. N@b3+ Kd3 28. P@c2+ 
Kxc2 29. Rac1+ Kxb2 30. Nxe2 N@h3+ 31. Kh1 P@g2+ 32. Kxg2 Q@f3# 
{jtp checkmated} 0-1

[Event "fics rated crazyhouse match"]
[Site "fics, Oklahoma City, OK USA"]
[Date "2000.02.12"]
[White "Thufir"]
[WhiteElo "2333"]
[Black "Lomboc"]
[BlackElo "2113"]
[TimeControl "60+0"]
[Result "0-1"]

1. e4 e6 2. d4 d5 3. exd5 exd5 4. Nc3 Nf6 5. Bb5+ c6 6. Qe2+ 
Be7 7. Bf4 P@c7 8. P@e5 Ng8 9. Bd3 Nd7 10. Nf3 Nf8 11. O-O Ng6 
12. Bxg6 hxg6 13. N@g5 B@h6 14. e6 Bhxg5 15. exf7+ Kxf7 16. Bxg5 Bxg5 17. Nxg5+ 
Qxg5 18. B@e8+ Kf8 19. B@g3 P@f4 20. P@h4 Qf6 21. Bxf4 Qxf4 22. P@g3 Qf6 
23. Rae1 B@e6 24. f4 Kxe8 25. g4 B@e7 26. f5 gxf5 27. gxf5 Bxf5 28. P@g5 
Qg6 29. Rf3 Rxh4 30. Re3 P@e4 31. Rg3 P@f4 32. Rf3 exf3 33. gxf3 N@h3+ 
34. Kh1 Qxg5 35. P@g3 fxg3 36. hxg3 Qxg3 37. P@h2 R@g1+ 38. Rxg1 Qxg1# 
{Thufir checkmated} 0-1

[Event "fics rated crazyhouse match"]
[Site "fics, Oklahoma City, OK USA"]
[Date "2000.02.12"]
[White "Lomboc"]
[WhiteElo "2125"]
[Black "Thufir"]
[BlackElo "2321"]
[TimeControl "60+0"]
[Result "0-1"]

1. d4 e6 2. Nc3 Nc6 3. Nf3 Nf6 4. e4 Bb4 5. Bd3 d5 6. e5 
Ne4 7. Bd2 Nxd2 8. Qxd2 B@e4 9. O-O Bxf3 10. gxf3 Nxd4 11. B@g2 P@h3 
12. Qe3 hxg2 13. Qxd4 Bxc3 14. bxc3 N@h4 15. B@h3 N@f4 16. Qxf4 gxf1=Q+ 17. Bdxf1 
B@g5 18. Qa4+ Bd7 19. P@b5 Nxf3+ 20. Kh1 R@g1# 
{Lomboc checkmated} 0-1

[Event "fics rated crazyhouse match"]
[Site "fics, Oklahoma City, OK USA"]
[Date "2000.02.12"]
[White "Thufir"]
[WhiteElo "2325"]
[Black "Lomboc"]
[BlackElo "2121"]
[TimeControl "60+0"]
[Result "1-0"]

1. e4 e6 2. d4 Nf6 3. e5 Nd5 4. Nf3 Nc6 5. Be2 d6 6. O-O 
dxe5 7. Nxe5 P@f6 8. Nxc6 bxc6 9. c4 Nb6 10. Nc3 Be7 11. Be3 O-O 
12. P@e5 f5 13. N@h5 Ba6 14. Nxg7 Kxg7 15. P@f6+ Kg8 16. fxe7 Qxe7 17. B@f6 
Qd7 18. c5 Bxe2 19. cxb6 P@g7 20. Qxe2 gxf6 21. exf6 B@h8 22. N@h6# 
{Lomboc checkmated} 1-0

[Event "fics rated crazyhouse match"]
[Site "fics, Oklahoma City, OK USA"]
[Date "2000.02.12"]
[White "Lomboc"]
[WhiteElo "2117"]
[Black "Thufir"]
[BlackElo "2329"]
[TimeControl "60+0"]
[Result "0-1"]

1. e4 e6 2. Nc3 Nc6 3. d4 Nf6 4. Nf3 Bb4 5. Bd3 d5 6. e5 
Ne4 7. Bd2 Nxd2 8. Qxd2 B@e4 9. O-O-O Bxf3 10. gxf3 Nxd4 11. Bxh7 Nxf3 
12. Qe3 Bxc3 13. Qxf3 Bxe5 14. P@d4 Bf6 15. B@g6 fxg6 16. Bxg6+ P@f7 17. Bxf7+ 
Kxf7 18. N@e5+ Ke8 19. P@f7+ Ke7 20. N@h5 B@h6+ 21. P@f4 Bxe5 22. dxe5 B@e4 
23. Qa3+ P@d6 24. B@b4 N@e2+ 25. Kb1 N@b5 26. Qa4 P@c6 27. Ng3 N@c3+ 28. bxc3 
Nexc3+ 29. Bxc3 Nxc3+ 30. Ka1 P@b2+ 31. Kxb2 Nxa4+ 32. Ka3 B@b2# 
{Lomboc resigns} 0-1

[Event "fics rated crazyhouse match"]
[Site "fics, Oklahoma City, OK USA"]
[Date "2000.02.12"]
[White "Thufir"]
[WhiteElo "2333"]
[Black "Lomboc"]
[BlackElo "2113"]
[TimeControl "60+0"]
[Result "1-0"]

1. e4 e6 2. d4 d5 3. exd5 exd5 4. Nc3 Nf6 5. Bg5 Be7 6. Bb5+ 
Nc6 7. Qe2 O-O 8. P@e5 Nxd4 9. exf6 Nxe2 10. fxe7 Qxe7 11. Bxe7 Nxg1 
12. Rxg1 Q@e5+ 13. Q@e2 P@d2+ 14. Kf1 Qxe2+ 15. Bxe2 Q@c1+ 16. Q@d1 Qxd1+ 17. Rxd1 
Q@f5 18. Bc5 N@e4 19. N@e7+ Kh8 20. Nxf5 Bxf5 21. Nxe4 Bxe4 22. B@d4 N@f5 
23. f3 N@e5 24. Bxe5 f6 25. Bxc7 P@f2 26. P@e7 Bxc2 27. exf8=Q+ Rxf8 28. R@g8+ 
Kxg8 29. N@e7+ Nxe7 30. Q@e6# 
{Lomboc forfeits on time} 1-0

[Event "fics rated crazyhouse match"]
[Site "fics, Oklahoma City, OK USA"]
[Date "2000.02.12"]
[White "Lomboc"]
[WhiteElo "2109"]
[Black "Thufir"]
[BlackElo "2337"]
[TimeControl "60+0"]
[Result "0-1"]

1. d4 e6 2. Nc3 Nc6 3. e4 Nf6 4. Nf3 Bb4 5. Bd3 d5 6. exd5 
exd5 7. Be2 P@e4 8. Ne5 Nxe5 9. dxe5 d4 10. exf6 dxc3 11. Qxd8+ Kxd8 
12. P@e7+ Kd7 13. N@e5+ Ke6 14. N@f4+ Kxe5 15. Q@d5+ Kxf6 16. Nh5+ Kxe7 17. Qxe4+ 
Q@e6 18. Qxb4+ P@d6 19. Qxc3 N@d5 20. B@h4+ P@f6 21. Qf3 N@d4 22. Qd3 N@b4 
23. Qd2 Nbxc2+ 24. Kf1 Nxa1 25. Qxd4 P@f3 26. gxf3 R@g5 27. Bcxg5 fxg5 28. Bxg5+ 
B@f6 29. Bxf6+ gxf6 30. N@g7 B@e5 31. Nxe6 Bxd4 32. B@d8+ Kd7 33. Q@e7+ Nxe7 
{Lomboc forfeits on time} 0-1

[Event "fics rated crazyhouse match"]
[Site "fics, Oklahoma City, OK USA"]
[Date "2000.02.12"]
[White "Thufir"]
[WhiteElo "2340"]
[Black "Lomboc"]
[BlackElo "2106"]
[TimeControl "60+0"]
[Result "1-0"]

1. e4 e6 2. Nc3 Nf6 3. d4 d5 4. exd5 Nxd5 5. Bd3 Nxc3 6. bxc3 
Nc6 7. Nf3 P@b4 8. O-O bxc3 9. Bg5 P@f6 10. Bh4 N@b2 11. Qe2 Nxd3 
12. cxd3 B@h5 13. P@e3 Bxf3 14. Qxf3 N@d2 15. Qg3 Nxf1 16. Rxf1 R@g6 17. B@g4 
f5 18. Bxd8 Nxd8 19. N@b5 B@d6 20. Nxd6+ Bxd6 21. B@e5 Bxe5 22. Qxe5 Rxg4 
23. B@g3 N@e2+ 24. Kh1 Nxg3+ 25. hxg3 B@d6 26. Qb5+ B@c6 27. Qb1 B@h3 28. N@e1 
Bhxg2+ 29. Nxg2 Bxg2+ 30. Kxg2 N@h4+ 31. Kh2 Nf3+ 32. Kh1 Nd2 33. Qc2 P@e2 
34. B@g2 exf1=Q+ 35. Bxf1 Nxf1 36. Q@g2 B@f3 37. Qxf3 R@h2+ 38. Kg1 Rh5 39. Kxf1 
Nc6 40. B@h1 O-O 41. B@b5 Rxh1+ 42. Qxh1 B@d2 43. Bxc6 bxc6 44. P@h3 Rg6 
45. N@h4 B@d5 46. N@g2 Bxg2+ 47. Qxg2 N@g5 48. B@e2 Nxh3 49. Qxh3 P@b2 50. Qh2 
Rg4 51. Ng6 Rxg6 52. N@h4 b1=Q+ 53. Kg2 
{Lomboc forfeits on time} 1-0

[Event "fics rated crazyhouse match"]
[Site "fics, Oklahoma City, OK USA"]
[Date "2000.02.12"]
[White "Lomboc"]
[WhiteElo "2103"]
[Black "Thufir"]
[BlackElo "2343"]
[TimeControl "60+0"]
[Result "0-1"]

1. e4 e6 2. Nc3 Nc6 3. d4 Nf6 4. Nf3 Bb4 5. Bd3 d5 6. e5 
Ne4 7. Bd2 Nxd2 8. Qxd2 B@g4 9. N@g1 Bxf3 10. Nxf3 N@e4 11. Qd1 Bxc3+ 
12. bxc3 Nxc3 13. Qd2 N@e4 14. Bxe4 Nxe4 15. Qe2 P@g4 16. Nd2 Nxd4 17. B@a4+ 
P@b5 18. Qd3 bxa4 19. Qxd4 Nxd2 20. Qxd2 N@e4 21. B@e3 B@c3 22. Qxc3 Nxc3 
23. O-O Ne2+ 24. Kh1 B@f3 25. gxf3 gxf3 26. N@h4 P@g2+ 27. Nxg2 fxg2+ 28. Kxg2 
N@h4+ 29. Kh3 Q@g2# 
{Lomboc checkmated} 0-1

[Event "fics rated crazyhouse match"]
[Site "fics, Oklahoma City, OK USA"]
[Date "2000.02.12"]
[White "Thufir"]
[WhiteElo "2346"]
[Black "Lomboc"]
[BlackElo "2100"]
[TimeControl "60+0"]
[Result "1-0"]

1. e4 d6 2. Nc3 Nf6 3. d4 e6 4. Nf3 Be7 5. Bd3 Nbd7 6. e5 
Nd5 7. Nxd5 exd5 8. N@h5 Bf8 9. Bg5 f6 10. exf6 gxf6 11. P@g7 Bxg7 
12. Nxg7+ Kf7 13. Bh6 P@g6 14. B@e6+ Ke7 15. Qe2 P@e4 16. Bxe4 dxe4 17. Qxe4 
Nf8 18. Bxc8+ B@e5 19. dxe5 dxe5 20. Nxe5 Qxc8 21. Nxg6+ Kd8 
{Lomboc resigns} 1-0

[Event "fics rated crazyhouse match"]
[Site "fics, Oklahoma City, OK USA"]
[Date "2000.02.12"]
[White "Lomboc"]
[WhiteElo "2097"]
[Black "Thufir"]
[BlackElo "2349"]
[TimeControl "60+0"]
[Result "1-0"]

1. e4 e6 2. Nc3 Nc6 3. d4 Nf6 4. Nf3 Bb4 5. e5 Ne4 6. Bd2 
d5 7. Nxe4 dxe4 8. Bxb4 Nxb4 9. Ng5 Nxc2+ 10. Qxc2 Qxd4 11. B@e3 Qxe5 
12. N@c4 B@a5+ 13. N@c3 Bxc3+ 14. bxc3 N@b4 15. Qb2 N@d3+ 16. Bxd3 Nxd3+ 17. Kf1 
Nxb2 18. Nxe5 P@e2+ 19. Kg1 B@a6 20. h3 Q@f1+ 21. Kh2 Qxh1+ 22. Rxh1 P@f6 
23. Nexf7 Bd7 24. Nxh8 O-O-O 25. P@e7 Re8 26. R@d8+ Rxd8 27. exd8=Q+ Kxd8 28. Nhf7+ 
Ke7 29. Q@d8# 
{Thufir checkmated} 1-0

[Event "fics rated crazyhouse match"]
[Site "fics, Oklahoma City, OK USA"]
[Date "2000.02.12"]
[White "Thufir"]
[WhiteElo "2336"]
[Black "Lomboc"]
[BlackElo "2110"]
[TimeControl "60+0"]
[Result "0-1"]

1. e4 d6 2. Nc3 Nf6 3. d4 Nbd7 4. Nf3 e5 5. dxe5 dxe5 6. Bg5 
Be7 7. P@h6 gxh6 8. Bxh6 Rg8 9. P@g7 Ng4 10. Qd2 P@f4 11. Bb5 Nxh6 
12. Nxe5 B@d6 13. Nxd7 Bxd7 14. Bxd7+ Qxd7 15. B@a4 B@c6 16. Bxc6 bxc6 17. B@b7 
Rb8 18. N@a5 N@d8 19. Ba6 P@b7 20. Bd3 B@b4 21. Nc4 Rxg7 22. Nxd6+ Bexd6 
23. B@f5 Nxf5 24. exf5 Rxg2 25. N@f6+ Ke7 26. Nxd7 N@f3+ 27. Kd1 Nxd2 28. P@f6+ 
Kxd7 29. Re1 P@e6 30. fxe6+ Nxe6 31. P@e7 Bxc3 32. bxc3 N@b2+ 33. Kxd2 N@c4+ 
34. Ke2 Q@d2+ 35. Kf3 Qxf2+ 36. Ke4 B@d5+ 37. Kf5 Rg5# 
{Thufir checkmated} 0-1

[Event "fics rated crazyhouse match"]
[Site "fics, Oklahoma City, OK USA"]
[Date "2000.02.12"]
[White "Lomboc"]
[WhiteElo "2123"]
[Black "Thufir"]
[BlackElo "2323"]
[TimeControl "60+0"]
[Result "1-0"]

1. e4 e6 2. d4 Nc6 3. d5 Nf6 4. dxc6 bxc6 5. Nf3 Nxe4 6. Bd3 
d5 7. Bxe4 dxe4 8. Qxd8+ Kxd8 9. Ne5 B@g6 10. Nxc6+ Kd7 11. N@e5+ Kd6 
12. N@c4+ Kc5 13. b4+ Kb5 14. Q@a5# 
{Thufir checkmated} 1-0